 Dungeon Crawl Stone Soup version 0.30-b1-2-g02819fbbbe (webtiles) character file.

Game seed: 1248794580454017071

477790 meatmek the Black Belt (level 24, -6/177 HPs)
             Began as an Octopode Transmuter on July 22, 2023.
             Was the Champion of Cheibriados.
             Mangled by Vv (32 damage)
             ... on level 3 of the Depths on Nov 30, 2023.
             The game lasted 06:09:41 (55719 turns).

meatmek the Black Belt (Octopode Transmuter)       Turns: 55719, Time: 06:09:42

Health: -6/177     AC: 21    Str: 35    XL:     24   Next: 80%
Magic:  38/43      EV: 46    Int: 51    God:    Cheibriados [******]
Gold:   2521       SH:  5    Dex: 34    Spells: 24/55 levels left

rFire   + .          .
                       - Unarmed
rCold   . . .        R - melded +3 buckler {reflect}
rNeg    . . .        T - melded +0 hat "Roashec" {rPois rCorr}
rPois   ∞            P - amulet of reflection
rElec   +            f - ring of Vizxelet {Str+5 Int+6}
rCorr   .            r - +5 ring of evasion
SInv    +            F - +5 ring of evasion
Will    ++...        S - ring of willpower
Stlth   ++++++       O - ring of Xirix {rPois Dex+6}
HPRegen 0.49/turn    g - ring of the Unkillable {rElec rPois Str+6 Int-2 SInv}
MPRegen 0.28/turn    Z - ring of Linearity {rElec Int+6}
                     C - ring of protection from fire

%: reflection
@: storm-form, flying, very slow
A: cleaving, insubstantial, flying, almost no armour, amphibious, 8 rings,
(camouflage 1), (gelatinous body 1), (nimble swimmer 1), (tentacles)
}: 2/15 runes: barnacled, gossamer
a: Blinkbolt, End Transformation, Renounce Religion, Bend Time, Temporal
Distortion, Slouch, Step From Time


You were on level 3 of the Depths.
You worshipped Cheibriados.
Cheibriados was exalted by your worship.
You were a lightning-filled tempest!
You visited 9 branches of the dungeon, and saw 41 of its levels.

You collected 5659 gold pieces.
You spent 3138 gold pieces at shops.

Inventory:

Missiles
 y - 9 throwing nets
Armour
 R - a +3 buckler of reflection (melded)
 T - the +0 hat "Roashec" (melded) {rPois rCorr}
   (You found it on level 4 of the Spider Nest)

   rPois:     It protects you from poison.
   rCorr:     It protects you from acid and corrosion.
Jewellery
 f - the ring of Vizxelet (left tentacle) {Str+5 Int+6}
   (You found it on level 2 of the Depths)

   [ring of intelligence]

   Str:       It affects your strength (+5).
   Int:       It affects your intelligence (+6).
 g - the ring of the Unkillable (on tentacle) {rElec rPois Str+6 Int-2 SInv}
   (You bought it in a shop on level 2 of the Orcish Mines)

   [ring of strength]

   Str:       It affects your strength (+6).
   Int:       It affects your intelligence (-2).
   rElec:     It insulates you from electricity.
   rPois:     It protects you from poison.
   SInv:      It lets you see invisible.
 r - a +5 ring of evasion (right tentacle)
 C - a ring of protection from fire (on tentacle)
 D - the ring of the Tortoise {AC+8}
   (You took it off an ironbound convoker on level 4 of the Vaults)

   [ring of protection]

   AC:        It affects your AC (+8).
 F - a +5 ring of evasion (on tentacle)
 O - the ring of Xirix (on tentacle) {rPois Dex+6}
   (You took it off a deep elf blademaster on level 3 of the Elven Halls)

   [ring of poison resistance]

   Dex:       It affects your dexterity (+6).
   rPois:     It protects you from poison.
 P - an amulet of reflection (around neck)
 S - a ring of willpower (on tentacle)
 Y - the ring "Reroan" {rC+ Stlth+}
   (You took it off a deep elf master archer on level 3 of the Elven Halls)

   [ring of protection from cold]

   rC:        It protects you from cold.
   Stlth:     It makes you more stealthy.
 Z - the ring of Linearity (on tentacle) {rElec Int+6}
   (You took it off an orc priest on level 9 of the Dungeon)

   [ring of intelligence]

   Int:       It affects your intelligence (+6).
   rElec:     It insulates you from electricity.
Wands
 o - a wand of iceblast (14)
 s - a wand of digging (14)
 G - a wand of polymorph (8)
 K - a wand of acid (16)
 M - a wand of mindburst (21)
 N - a wand of paralysis (28)
 W - a wand of flame (49)
Scrolls
 a - 2 scrolls of blinking
 b - 3 scrolls of enchant weapon
 e - 4 scrolls of fog
 n - 11 scrolls of amnesia
 q - a scroll of summoning
 t - 19 scrolls of identify
 x - 5 scrolls of fear
 A - 3 scrolls of silence
 B - 9 scrolls of enchant armour
 I - 8 scrolls of immolation
 J - 7 scrolls of poison
 Q - 2 scrolls of magic mapping
 X - 6 scrolls of teleportation
Potions
 c - 3 potions of cancellation
 h - 9 potions of attraction
 j - 4 potions of berserk rage
 k - 3 potions of resistance
 l - 7 potions of brilliance
 m - 5 potions of might
 p - 4 potions of heal wounds
 u - 3 potions of invisibility
 v - 9 potions of mutation
 w - 8 potions of flight
 z - 5 potions of magic
 E - 7 potions of ambrosia
 H - 5 potions of lignification
 L - 14 potions of curing


   Skills:
 + Level 18.0 Fighting
 - Level 10.1 Dodging
 - Level 10.0 Stealth
 + Level 14.2 Shields
 + Level 18.1 Unarmed Combat
 + Level 16.0 Spellcasting
 - Level 4.8 Conjurations
 - Level 6.0 Summonings
 - Level 12.7 Transmutations
 - Level 9.2 Ice Magic
 + Level 14.6 Air Magic
 - Level 2.0 Poison Magic
 - Level 10.0 Invocations
 - Level 10.0 Evocations


You had 24 spell levels left.
You knew the following spells:

 Your Spells              Type           Power      Damage    Failure   Level
a - Beastly Appendage     Tmut           100%       N/A       0%          1
b - Spider Form           Tmut/Pois      86%        N/A       1%          3
c - Ice Form              Ice/Tmut       100%       N/A       1%          4
d - Summon Ice Beast      Ice/Summ       87%        N/A       1%          4
e - Frozen Ramparts       Ice            100%       1d16      1%          3
f - Summon Lightning Spi  Summ/Air       98%        N/A       1%          4
g - Storm Form            Tmut/Air       55%        N/A       1%          7
h - Arcjolt               Conj/Air       48%        1d58      1%          5

Your spell library contained the following spells:

 Spells                   Type           Power      Damage    Failure   Level
 Wereblood                Tmut           100%       N/A       0%          2
 Swiftness                Air            100%       N/A       0%          3
 Apportation              Tloc           80%        N/A       1%          1
 Foxfire                  Conj/Fire      100%       2x1d9     1%          1
 Magic Dart               Conj           100%       1d8       1%          1
 Sting                    Tmut/Pois      100%       1d8       1%          1
 Ensorcelled Hibernation  Hex/Ice        100%       N/A       1%          2
 Passwall                 Tmut/Erth      68%        N/A       1%          2
 Poisonous Vapours        Pois/Air       100%       N/A       1%          2
 Searing Ray              Conj           100%       2d8       1%          2
 Sublimation of Blood     Necr           40%        N/A       1%          2
 Inner Flame              Hex/Fire       40%        N/A       1%          3
 Ozocubu's Armour         Ice            94%        N/A       1%          3
 Tukima's Dance           Hex            40%        N/A       1%          3
 Vhi's Electric Charge    Tloc/Air       100%       N/A       1%          3
 Flame Wave               Conj/Fire      60%        2d14      1%          4
 Fulminant Prism          Conj/Hex       30%        3d16      1%          4
 Olgreb's Toxic Radiance  Pois           57%        N/A       1%          4
 Sticky Flame             Conj/Fire      60%        2d8       1%          4
 Alistair's Intoxication  Tmut/Pois      57%        N/A       1%          5
 Blade Hands              Tmut           53%        N/A       1%          5
 Metabolic Englaciation   Hex/Ice        36%        N/A       1%          5
 Yara's Violent Unravell  Hex/Tmut       41%        3d16      1%          5
 Eringya's Noxious Bog    Tmut/Pois      43%        N/A       3%          6
 Plasma Beam              Fire/Air       43%        2x1d62    3%          6
 Anguish                  Hex/Necr       20%        N/A       4%          4
 Cause Fear               Hex            20%        N/A       4%          4
 Manifold Assault         Tloc           40%        N/A       4%          4
 Passage of Golubria      Tloc           40%        N/A       4%          4
 Fireball                 Conj/Fire      30%        3d13      4%          5
 Maxwell's Capacitive Co  Air            56%        ∞         8%          8
 Ozocubu's Refrigeration  Ice            47%        4d17      9%          7
 Simulacrum               Ice/Necr       36%        N/A       11%         6
 Borgnjor's Vile Clutch   Necr/Erth      20%        N/A       12%         5
 Iron Shot                Conj/Erth      30%        9d6       26%         6
 Starburst                Conj/Fire      30%        6d9       26%         6
 Summon Hydra             Summ           40%        N/A       32%         7
 Dispersal                Tloc           20%        N/A       56%         6
 Enfeeble                 Hex            20%        N/A       98%         7
 Disjunction              Tloc           20%        N/A       100%        8
 Polar Vortex             Ice            47%        N/A       100%        9
 Animate Armour           Summ/Erth      Unusable   N/A       N/A         4

Dungeon Overview and Level Annotations

Branches:
Dungeon (15/15)            Temple (1/1) D:7            Lair (5/5) D:10
 Shoals (4/4) Lair:2       Spider (4/4) Lair:3        Slime (0/5) Lair:5
    Orc (2/2) D:9             Elf (3/3) Orc:2        Vaults (4/5) D:14
  Crypt (0/3) Vaults:2     Depths (3/4) D:15

Altars:
Ashenzari
Cheibriados
Dithmenos
Elyvilon
Fedhas
Gozag
Hepliaklqana
Kikubaaqudgha
Makhleb
Nemelex Xobeh
Okawaru
Qazlal
Ru
Sif Muna
Trog
Uskayaw
Vehumet
Wu Jian
Xom
Yredelemnul
Zin
The Shining One
Jiyva

Shops:
D:3 (   D:10 (   D:13 =   D:14 !   Orc:2 :?(=   Elf:1 *   Elf:3 [   Shoals:3 *
Vaults:1 (?   Vaults:2 !   Vaults:4 ?   Depths:1 :??:*   Depths:2 :=:

Portals:
Hell: Depths:1 Depths:2 Depths:3
Pandemonium: Depths:2 Depths:3
Ziggurat: Depths:2

Annotations:
D:5 exclusion: water moccasin, Grinder
D:8 exclusion: boulder beetle
D:10 Harold
Lair:2 2 transporters, 1 exclusion, zielscheibe's ghost, journeyman TeSu
Lair:4 exclusions: 2 downstairs and lindwurm
Lair:5 exclusions: 3 doors and 1 more exclusion
Shoals:1 3 runed translucent doors, bananaglory's ghost, adept TeAE
Shoals:3 exclusion: downstairs
Vaults:1 1 runed translucent door, exclusion: door
Depths:3 Vv


Innate Abilities, Weirdness & Mutations

You are a lightning-filled tempest!
Your electrical attacks strike out in all directions at once.
You are incredibly evasive.
Your insubstantial body is immune to petrification, constriction, and being set on fire You are flying.
You are immune to poison.
Your armour is entirely melded.
You are incapable of wielding weapons or throwing items.
You cannot wear most types of armour.
You are amphibious.
You can wear up to eight rings at the same time.
((Your skin changes colour to match your surroundings (Stealth+).))
((Your rubbery body absorbs attacks. (AC +1, EV +1)))
((You are camouflaged when in or above water. (Stealth+)))
((You have tentacles for arms and can constrict up to eight enemies at once.))


Message History

Vv is almost destroyed.
Vv calls freezing cold from the walls.
The frost grips you!!!
* * * LOW HITPOINT WARNING * * *
You are encased in ice.
Unknown command.
Okay, then.
You feel much better. Vv completely misses you. Vv misses you.
A spriggan berserker comes into view. It is wielding a +0 war axe.
The spriggan berserker hits you with a +0 war axe!!
* * * LOW HITPOINT WARNING * * *
Okay, then.
Okay, then.
Press: ? - help, v - describe, . - travel, g - get item
Here: Vv (almost destroyed)
Items here: ))) [ ††.
The floor, spattered with blood.
Press: ? - help, v - describe, . - travel, g - get item
Here: Vv (almost destroyed)
Items here: ))) [ ††.
The floor, spattered with blood.
Press: ? - help, v - describe, . - travel, g - get item
Items here: $ ( ) ? [ ††.
The floor, spattered with blood.
Unknown command.
Blink to where?
Press: ? - help, Dir - move target
As you read the scroll of blinking, it crumbles to dust.
The ice encasing you melts away.
You feel much better. Vv hits you but does no damage. Vv hits you!
* * * LOW HITPOINT WARNING * * *
You are engulfed in flames!
You resist.
* * * LOW HITPOINT WARNING * * *
The spriggan berserker invokes Trog's protection!
Activating: Slouch (1% risk of failure)
Press: ? - help, Dir - look around, f - activate You can feel time thicken for a moment.
Vv hits you!
* * * LOW HITPOINT WARNING * * *
Vv freezes you!!
You die...

.♣ ######'########.....#........
.♣#♣♣.♣♣#...#.....#.♣♣♣♣#........
♣[♣♣...♣♣...♣.♣.♣.♣.....#........
♣.......'>8<'.♣.♣...♣♣♣.).)[.....
♣.♣♣.[.♣♣...♣.♣♣♣.♣.....#........
.♣#♣♣.♣♣#...#.♣ ♣.#.♣♣♣♣#.#......
.♣ ### ##'########.....#.#......
♣.# ♣. ♣.♣♣.♣i♣.#♣♣♣♣.#.+...... #
♣.♣.♣)♣.♣v♣#.....#.#......
♣.i)♣§♣9♣.#.♣♣♣♣#.####'##
♣.♣.♣i♣.♣ ♣#...♣ #.# #...
♣.♣♣L♣♣.♣.♣ #######.# #.## ##
#i###### #...####..# ...
#.........# C~~ #.#######.# #CC~
#.# #.# .~9~C #.# #.#


You could see Vv and a spriggan berserker (regenerating, strong-willed).

Vanquished Creatures
  2 dread liches (Vaults:4)
  Mennas (Depths:3)
  Parghit (Depths:3)
  Saint Roka (Elf:3)
  Margery (Vaults:3)
  A caustic shrike (Depths:3)
  4 golden dragons
  Arachne (Spider:4)
  Jorgrun (Spider:1)
  A tentacled monstrosity (Depths:2)
  Mlioglotl (Shoals:1)
  2 liches (Depths:3)
  A quicksilver dragon (Depths:3)
  An ancient champion (Vaults:2)
  3 deep elf blademasters
  2 deep elf master archers (Elf:3)
  5 sphinxes
  A shadow dragon (Vaults:3)
  2 storm dragons
  Agnes (Spider:1)
  A revenant (Vaults:2)
  A tengu reaver (Depths:2)
  5 deep elf sorcerers
  7 frost giants
  9 fire giants
  An iron dragon (Depths:2)
  4 ghost moths
  12 vault wardens
  7 emperor scorpions (Spider:4)
  2 deep elf elementalists (Elf:3)
  2 orc warlords
  8 ironbound thunderhulks
  4 spriggan defenders (Depths:2)
  11 very ugly things
  2 war gargoyles (Vaults:3)
  14 ironbound preservers
  A deep elf demonologist (Elf:3)
  14 dire elephants
  12 stone giants
  3 vampire knights
  7 spark wasps
  4 deep elf annihilators
  An eidolon (Vaults:1)
  7 ettins
  A crystal guardian (Vaults:3)
  11 merfolk impalers
  4 deep elf death magi
  9 fire dragons
  3 merfolk javelineers (Shoals:4)
  A deep elf high priest (Elf:3)
  10 hydras
  2 vault guards (Vaults:4)
  7 entropy weavers
  5 great orbs of eyes
  7 yaktaur captains
  6 rakshasas
  6 ice dragons
  3 peacekeepers
  Erica (D:11)
  2 spriggan air magi
  2 merfolk avatars (Shoals:3)
  An ogre mage (D:15)
  7 boulder beetles
  10 centaur warriors
  A hell beast (Depths:2)
  12 two-headed ogres
  2 alligator snapping turtles
  A boulder beetle (shapeshifter) (Elf:2)
  5 satyrs
  3 catoblepae
  35 dancing weapons
  3 merfolk aquamancers
  3 radroaches
  9 ironbound frosthearts
  8 deep troll shamans
  9 tengu warriors
  7 deep troll earth magi
  A death yak (Shoals:3)
  A sun demon (Depths:2)
  6 spriggan berserkers
  2 spriggans (Depths:3)
  2 orc high priests
  5 hell knights
  22 deep elf knights
  9 skysharks
  A sixfirhy (Depths:3)
  2 skeletal warriors (D:14)
  A death drake (shapeshifter) (Elf:3)
  13 iron trolls
  18 sea snakes
  A storm dragon skeleton (Depths:2)
  4 glowing orange brains
  4 orb spiders
  A sun moth (Spider:2)
  10 pharaoh ants
  An orb spider (shapeshifter) (Depths:3)
  A flayed ghost (Depths:2)
  36 deep trolls
  8 deep elf archers
  16 ironbound convokers
  2 steelbarb worms (Spider:4)
  3 phantasmal warriors
  4 harpies (Shoals:4)
  28 deep elf pyromancers
  9 lindwurms
  7 orc knights
  6 orc sorcerers
  11 wizards
  Pikel (D:4)
  5 necromancers
  30 deep elf zephyrmancers
  16 wolf spiders
  48 ugly things
  7 cyclopes
  12 fauns
  2 shining eyes (Depths:2)
  8 merfolk sirens
  A moth of wrath (Spider:4)
  8 manticores
  A salamander (D:15)
  8 elephants
  A dire elephant zombie (Lair:5)
  4 water nymphs
  A rust devil (Depths:2)
  Maurice (Orc:1)
  12 demonic crawlers
  14 vault sentinels
  A guardian serpent (shapeshifter) (D:13)
  2 human skeletons (Vaults:1)
  An eye of devastation (Depths:2)
  10 cane toads
  A torpor snail (Spider:1)
  3 black mambas
  3 gargoyles
  2 orange demons (Depths:2)
  3 unseen horrors
  3 kobold demonologists (D:11)
  3 rime drakes
  2 freezing wraiths (D:14)
  A dire elephant skeleton (Lair:5)
  8 komodo dragons
  A yaktaur (shapeshifter) (D:14)
  3 tengu conjurers
  17 yaktaurs
  6 wind drakes
  5 meliai
  5 polar bears
  9 trolls
  15 tarantellas
  3 hornets
  22 merfolk
  A dream sheep (shapeshifter) (Vaults:4)
  6 snapping turtles
  A tarantella (shapeshifter) (D:14)
  17 blink frogs
  5 dream sheep (Shoals:4)
  14 jumping spiders
  A centaur simulacrum (D:15)
  Sigmund (D:2)
  2 vampires
  An ettin zombie (Depths:2)
  3 shadows
  32 culicivoras
  22 slime creatures
  8 water elementals
  30 yaks
  2 wyverns
  3 wraiths
  Eustachio (D:9)
  A basilisk (Lair:2)
  3 steam dragons
  72 redbacks
  3 fire elementals
  Menkaure (D:5)
  14 wargs
  9 vampire mosquitoes
  2 elf skeletons (Vaults:1)
  3 acid dragons
  A spectral cane toad (Lair:5)
  Edmund (D:5)
  15 water moccasins
  A glowing shapeshifter skeleton (Depths:2)
  2 hell hounds (Lair:2)
  6 ice beasts
  3 nameless horrors
  An elephant zombie (Lair:5)
  22 orc warriors
  9 black bears
  2 sky beasts
  8 wolves
  7 ogres
  2 boggarts (Vaults:4)
  3 centaurs
  3 lemures (D:4)
  2 phantoms
  3 kobold brigands
  11 bullfrogs
  4 earth elementals
  5 gnoll sergeants
  2 cane toad simulacra (Lair:5)
  7 scorpions
  13 wights
  11 jellies
  11 killer bees
  9 electric eels
  3 howler monkeys
  9 orc priests
  4 hounds
  2 iguanas
  A gnoll bouda (D:9)
  41 orc wizards
  A hound zombie (D:4)
  9 gnolls
  7 adders
  13 white imps
  2 ufetubi
  An adder zombie (D:4)
  A worm (D:5)
  3 dart slugs
  64 orcs
  6 ball pythons
  3 endoplasms
  5 goblins
  4 hobgoblins
  2 jackals (D:4)
  13 kobolds
  A quokka (D:3)
  2 bats
  4 frilled lizards
  6 rats
1541 creatures vanquished.

Vanquished Creatures (collateral kills)
  Polyphemus (Shoals:3)
  2 deep elf sorcerers
  Louise (Spider:1)
  An orc warlord (Vaults:1)
  A deep elf elementalist (Elf:3)
  2 stone giants (Depths:2)
  A vampire knight (Depths:2)
  A dire elephant (Vaults:2)
  A deep elf death mage (Elf:3)
  An entropy weaver (Spider:4)
  A merfolk impaler (Shoals:4)
  A deep elf high priest (Elf:3)
  A rakshasa (Depths:2)
  A merfolk avatar (Shoals:4)
  4 centaur warriors
  A death knight (D:14)
  A death yak (Shoals:3)
  A deep troll earth mage (Depths:2)
  A tengu warrior (Depths:2)
  A sea snake (Shoals:4)
  A deep troll (Depths:3)
  12 orb spiders
  A deep elf archer (Elf:3)
  An orc knight (Vaults:1)
  2 harpies (Shoals:4)
  A deep elf pyromancer (Elf:2)
  A steelbarb worm (Spider:4)
  A wizard (Vaults:4)
  2 deep elf zephyrmancers (Elf:2)
  An ironbound convoker (Vaults:4)
  2 manticores
  3 fauns
  2 wolf spiders
  3 ugly things (D:14)
  3 merfolk sirens
  An eye of devastation (Depths:2)
  A demonic crawler (Spider:1)
  A kobold demonologist (D:11)
  4 yaktaurs
  A tengu conjurer (Depths:2)
  4 merfolk
  A wind drake (Shoals:4)
  A meliai (Spider:2)
  3 tarantellas
  A dream sheep (Shoals:4)
  A jumping spider (shapeshifter) (Depths:3)
  2 slime creatures (D:13)
  7 jumping spiders
  A culicivora (Spider:1)
  A yak (D:12)
  A basilisk (Lair:1)
  A vampire mosquito (D:12)
  18 redbacks
  A warg (Orc:2)
  A floating eye (Depths:2)
  3 orc warriors
  A wolf (D:10)
  A boggart (Vaults:4)
  2 ogres (Orc:1)
  A kobold brigand (D:8)
  A killer bee (D:10)
  An electric eel (D:11)
  An orc priest (Orc:2)
  7 orc wizards
  16 orcs
  9 kobolds
156 creatures vanquished.

Vanquished Creatures (others)
  A deep elf demonologist (Elf:3)
  A radroach (Spider:3)
  A deep elf zephyrmancer (Elf:2)
  A deep elf pyromancer (Elf:3)
  An orc wizard (Orc:2)
  4 bushes
  8 fungi
  80 plants
  2 starspawn tentacles (Shoals:1)
  24 withered plants (Lair:5)
123 creatures vanquished.

Grand Total: 1820 creatures vanquished

Notes
Turn   | Place    | Note
-------+----------+-------------------------------------------
     0 | D:1      | meatmek the Octopode Transmuter began the quest for the
                  | Orb.
     0 | D:1      | Reached XP level 1. HP: 13/13 MP: 3/3
    46 | D:1      | Reached XP level 2. HP: 13/18 MP: 3/5
   401 | D:1      | Found a faded altar of an unknown god.
   601 | D:2      | Reached XP level 3. HP: 20/23 MP: 4/6
   654 | D:2      | Noticed Sigmund
   668 | D:3      | Learned a level 3 spell: Spider Form
  1210 | D:3      | Found an iron altar of Okawaru.
  1239 | D:3      | Found a burning altar of Makhleb.
  1399 | D:3      | Found Uzomirad's Weapon Boutique.
  2142 | D:5      | Entered Level 5 of the Dungeon
  2142 | D:5      | Noticed a scorpion
  2168 | D:4      | Reached XP level 4. HP: 29/29 MP: 6/8
  2184 | D:4      | Found a basalt altar of Yredelemnul.
  2246 | D:4      | Reached skill level 1 in Poison Magic
  2333 | D:4      | Reached XP level 5. HP: 33/34 MP: 6/9
  2516 | D:5      | Noticed a black bear
  2664 | D:4      | Noticed a lemure
  2671 | D:4      | Noticed Pikel
  2671 | D:4      | Noticed a lemure
  2671 | D:4      | Noticed a lemure
  2671 | D:4      | Noticed a lemure
  2671 | D:4      | Noticed a phantom
  2698 | D:4      | Killed a lemure
  2740 | D:4      | Killed a lemure
  2868 | D:4      | Noticed an ogre
  2877 | D:4      | Killed an ogre
  2878 | D:4      | Reached XP level 6. HP: 4/40 MP: 6/11
  3571 | D:5      | Noticed a water moccasin
  3717 | D:4      | Killed Pikel
  3718 | D:4      | Reached XP level 7. HP: 42/46 MP: 10/13
  3737 | D:4      | Reached XP level 8. HP: 36/53 MP: 10/14
  3821 | D:5      | Reached skill level 1 in Stealth
  4353 | D:4      | Reached skill level 5 in Unarmed Combat
  4694 | D:5      | Reached skill level 5 in Spellcasting
  4796 | D:5      | Learned a level 4 spell: Ice Form
  4818 | D:5      | Noticed Grinder
  5220 | D:5      | Reached skill level 5 in Dodging
  5220 | D:5      | Reached skill level 1 in Ice Magic
  5220 | D:5      | Reached XP level 9. HP: 17/59 MP: 16/16
  5516 | D:5      | Noticed Menkaure
  5631 | D:5      | Reached skill level 5 in Transmutations
  5826 | D:5      | Killed Menkaure
  6027 | D:5      | Noticed Edmund
  6038 | D:5      | Killed Edmund
  6192 | D:5      | Reached skill level 5 in Fighting
  6663 | D:6      | Found a shimmering blue altar of Sif Muna.
  6839 | D:6      | Noticed Eustachio
  7421 | D:6      | Found a sacrificial altar of Ru.
  7917 | D:7      | Identified the +6 scale mail of Silly the Leaf {Str+3
                  | Slay+3}
  8080 | D:7      | Found a staircase to the Ecumenical Temple.
  8088 | Temple   | Entered the Ecumenical Temple
  8419 | D:7      | Reached XP level 10. HP: 67/67 MP: 15/19
  8825 | D:7      | Learned a level 4 spell: Summon Ice Beast
  8951 | D:8      | Found a sparkling altar of Nemelex Xobeh.
  9221 | D:9      | Found a staircase to the Orcish Mines.
  9222 | D:9      | Noticed a two-headed ogre
  9291 | D:10     | Entered Level 10 of the Dungeon
  9307 | D:9      | Noticed a two-headed ogre
  9320 | D:9      | Killed a two-headed ogre
  9321 | D:9      | Reached skill level 1 in Summonings
  9781 | D:10     | Noticed Harold
  9887 | D:9      | Killed Eustachio
 10370 | D:9      | Paralysed by a hornet for 2 turns
 10798 | D:8      | Noticed a nameless horror
 10803 | D:8      | Killed a nameless horror
 10915 | D:8      | Noticed a boulder beetle
 11559 | D:2      | Killed Sigmund
 11868 | D:9      | Reached XP level 11. HP: 74/74 MP: 16/20
 11871 | D:9      | Reached skill level 5 in Ice Magic
 12343 | D:9      | Found a hazy altar of Hepliaklqana.
 12343 | D:9      | Found a snail-covered altar of Cheibriados.
 12348 | D:9      | Found a bloodstained altar of Trog.
 12458 | D:9      | Became a worshipper of Cheibriados the Contemplative
 12705 | D:9      | Killed a two-headed ogre
 12871 | D:9      | Found a glowing silver altar of Zin.
 12873 | D:9      | Found a glowing golden altar of the Shining One.
 12875 | D:9      | Found a white marble altar of Elyvilon.
 12913 | D:9      | Found a shadowy altar of Dithmenos.
 13164 | D:10     | Noticed a two-headed ogre
 13180 | D:10     | Killed a two-headed ogre
 13326 | D:10     | Found Pecegh's Antique Weapon Boutique.
 13371 | D:10     | Reached * piety under Cheibriados
 13641 | D:10     | Found a staircase to the Lair.
 14128 | Lair:1   | Entered Level 1 of the Lair of Beasts
 14323 | Lair:1   | Learned a level 3 spell: Frozen Ramparts
 14393 | Lair:1   | Reached skill level 5 in Summonings
 14399 | Lair:1   | Reached ** piety under Cheibriados
 14400 | Lair:1   | Reached XP level 12. HP: 82/82 MP: 12/21
 14569 | Lair:1   | Reached skill level 1 in Invocations
 15513 | Lair:2   | Noticed a five-headed hydra
 15611 | Lair:2   | Noticed a skyshark
 15618 | Lair:2   | Killed a skyshark
 15947 | Lair:2   | Noticed a four-headed hydra
 15947 | Lair:2   | Noticed an eight-headed hydra
 16013 | Lair:2   | Found a transporter.
 16023 | Lair:2   | Reached *** piety under Cheibriados
 16025 | Lair:2   | Found a transporter.
 16025 | Lair:2   | Noticed zielscheibe's ghost (journeyman TeSu)
 16067 | Lair:2   | Noticed a catoblepas
 16186 | Lair:3   | Noticed a skyshark
 16194 | Lair:3   | Killed a skyshark
 16949 | Lair:3   | Reached XP level 13. HP: 89/89 MP: 16/22
 17009 | Lair:3   | Found a hole to the Spider Nest.
 17056 | Lair:3   | Reached **** piety under Cheibriados
 17057 | Lair:3   | Reached skill level 1 in Shields
 17928 | Lair:4   | Found a frozen archway.
 18367 | Lair:5   | Entered Level 5 of the Lair of Beasts
 18606 | Lair:5   | Reached skill level 5 in Invocations
 19083 | Lair:5   | Found a staircase to the Slime Pits.
 19085 | Lair:5   | Found a viscous altar of Jiyva.
 19374 | Lair:5   | Noticed a dire elephant
 19374 | Lair:5   | Noticed a dire elephant
 19385 | Lair:5   | Killed a dire elephant
 19386 | Lair:5   | Reached skill level 10 in Unarmed Combat
 19745 | Lair:5   | Noticed a dire elephant
 19753 | Lair:5   | Reached ***** piety under Cheibriados
 19988 | Lair:2   | Reached XP level 14. HP: 98/98 MP: 17/25
 20147 | Lair:2   | Found a staircase to the Shoals.
 20552 | Lair:2   | Reached skill level 10 in Dodging
 20552 | Lair:2   | Reached skill level 10 in Transmutations
 21558 | D:11     | Reached skill level 10 in Fighting
 21666 | D:11     | Noticed Erica
 21675 | D:11     | Killed Erica
 21911 | D:9      | Identified the ring of Linearity {rElec Int+6}
 22156 | Orc:1    | Entered Level 1 of the Orcish Mines
 22221 | Orc:1    | Noticed Maurice
 22349 | Orc:1    | Killed Maurice
 22498 | Orc:2    | Entered Level 2 of the Orcish Mines
 23133 | Orc:2    | Reached ****** piety under Cheibriados
 23302 | Orc:2    | Found a staircase to the Elven Halls.
 23536 | Orc:2    | Reached skill level 5 in Stealth
 23565 | Orc:2    | Found Avvohum's Weapon Shop.
 23565 | Orc:2    | Found Jofusef's Jewellery Shoppe.
 23579 | Orc:2    | Bought the ring of the Unkillable {rElec rPois Str+6 Int-2
                  | SInv} for 758 gold pieces
 23619 | Orc:2    | Found Zurphy's Book Shop.
 23619 | Orc:2    | Found Ywke's Magic Scroll Shoppe.
 24453 | Orc:2    | Bought a scroll of identify for 28 gold pieces
 24453 | Orc:2    | Bought a scroll of identify for 28 gold pieces
 24453 | Orc:2    | Bought a scroll of identify for 28 gold pieces
 24453 | Orc:2    | Bought a scroll of summoning for 133 gold pieces
 24666 | Orc:2    | Bought a scroll of enchant armour for 105 gold pieces
 24666 | Orc:2    | Bought a scroll of enchant armour for 105 gold pieces
 24666 | Orc:2    | Bought a scroll of teleportation for 42 gold pieces
 24702 | Orc:2    | Bought a ring of fire for 350 gold pieces
 25156 | D:12     | Identified the +0 cloak of Apnawkam {Regen+ Str+3 SInv}
 25349 | D:12     | Identified the +6 leather armour of the Quahog {-Tele Harm
                  | Regen+}
 25620 | D:13     | Found Qigusobb's Jewellery Emporium.
 25622 | D:13     | Reached XP level 15. HP: 105/105 MP: 20/27
 26258 | D:14     | Reached skill level 5 in Shields
 26403 | D:14     | Found a gate to the Vaults.
 26700 | D:14     | Found Vaunile's Distillery.
 26751 | D:14     | Bought a potion of curing for 39 gold pieces
 26751 | D:14     | Bought a potion of heal wounds for 65 gold pieces
 28377 | Shoals:1 | Entered Level 1 of the Shoals
 28377 | Shoals:1 | Noticed Mlioglotl
 28385 | Shoals:1 | Noticed a tentacled monstrosity
 28385 | Shoals:1 | Noticed a tentacled starspawn
 28391 | Shoals:1 | Killed Mlioglotl
 28499 | Shoals:1 | Found a runed translucent gate.
 29141 | Shoals:1 | Reached XP level 16. HP: 113/113 MP: 23/29
 29410 | Shoals:1 | Found a runed translucent gate.
 29410 | Shoals:1 | Found a runed translucent gate.
 29411 | Shoals:1 | Noticed bananaglory's ghost (adept TeAE)
 30122 | Shoals:3 | Found Osier's Assorted Antiques.
 30199 | Shoals:3 | Bought a potion of curing for 105 gold pieces
 30199 | Shoals:3 | Bought a notched agate ring for 175 gold pieces
 30201 | Shoals:3 | Bought a dark potion for 31 gold pieces
 30211 | Shoals:3 | Reached skill level 10 in Spellcasting
 30500 | Shoals:3 | Noticed Polyphemus
 30673 | Shoals:4 | Entered Level 4 of the Shoals
 30987 | Shoals:3 | Killed Polyphemus
 31553 | Shoals:4 | Reached skill level 10 in Invocations
 31829 | Shoals:4 | Got a barnacled rune of Zot
 31901 | Shoals:4 | Reached skill level 1 in Evocations
 32292 | Shoals:4 | Reached XP level 17. HP: 120/120 MP: 28/31
 34364 | Orc:2    | Bought a book of the Sky for 528 gold pieces
 34369 | Orc:2    | Learned a level 4 spell: Summon Lightning Spire
 34570 | Spider:1 | Entered Level 1 of the Spider Nest
 34715 | Spider:1 | Reached skill level 1 in Air Magic
 35025 | Spider:1 | Noticed Agnes
 35033 | Spider:1 | Killed Agnes
 35034 | Spider:1 | Noticed Jorgrun
 35043 | Spider:1 | Killed Jorgrun
 35249 | Spider:1 | Learned a level 7 spell: Storm Form
 35352 | Spider:1 | Noticed Louise
 35371 | Spider:1 | Killed Louise
 35929 | Spider:2 | Reached skill level 5 in Evocations
 36605 | Spider:2 | Reached XP level 18. HP: 128/128 MP: 28/33
 36847 | Spider:3 | Reached skill level 5 in Air Magic
 37784 | Spider:4 | Entered Level 4 of the Spider Nest
 37784 | Spider:4 | Noticed Arachne
 37786 | Spider:4 | Killed Arachne
 38815 | Spider:4 | Got a gossamer rune of Zot
 38847 | Spider:4 | Identified the +0 hat "Roashec" {rPois rCorr}
 39270 | Vaults:1 | Entered Level 1 of the Vaults
 39742 | Vaults:2 | Reached XP level 19. HP: 135/135 MP: 31/34
 39932 | Vaults:1 | Reached skill level 10 in Stealth
 40095 | Vaults:1 | Found Holi Jif's Weapon Shoppe.
 40390 | Vaults:1 | Found Jocies's Magic Scroll Shop.
 40640 | Vaults:1 | Identified a scroll of acquirement
 40641 | Vaults:1 | Acquired the +7 tower shield of Omopt {rCorr Dex+3}
 40928 | Vaults:1 | Found a runed translucent door.
 41909 | Vaults:2 | Found a staircase to the Crypt.
 42366 | Vaults:2 | Found Qoorai's Distillery.
 42378 | Vaults:2 | Bought a potion of curing for 63 gold pieces
 42378 | Vaults:2 | Bought a potion of curing for 63 gold pieces
 42378 | Vaults:2 | Bought a potion of heal wounds for 105 gold pieces
 42833 | Vaults:3 | Noticed Margery
 42847 | Vaults:3 | Killed Margery
 42851 | Vaults:3 | Reached XP level 20. HP: 115/144 MP: 16/36
 43139 | Vaults:3 | Reached skill level 10 in Air Magic
 43176 | Vaults:3 | Identified the +2 pair of gloves of Ymuemn {SInv}
 43343 | Vaults:3 | Reached skill level 15 in Unarmed Combat
 44396 | Vaults:4 | Reached skill level 10 in Evocations
 44398 | Vaults:4 | Noticed a dread lich
 44399 | Vaults:4 | Noticed a Brimstone Fiend
 44404 | Vaults:4 | Killed a dread lich
 44405 | Vaults:4 | Reached skill level 15 in Fighting
 44411 | Vaults:4 | Reached skill level 10 in Shields
 44415 | Vaults:4 | Noticed a dread lich
 44418 | Vaults:4 | Noticed a golden dragon
 44419 | Vaults:4 | Killed a dread lich
 44428 | Vaults:4 | Killed a golden dragon
 44890 | Vaults:4 | Learned a level 5 spell: Arcjolt
 44989 | Vaults:4 | Reached XP level 21. HP: 112/152 MP: 23/38
 45627 | Vaults:4 | Found Osugygoc's Magic Scroll Shop.
 45630 | Vaults:4 | Bought a scroll of blinking for 135 gold pieces
 45630 | Vaults:4 | Bought a scroll of fear for 72 gold pieces
 45630 | Vaults:4 | Bought a scroll of teleportation for 54 gold pieces
 45630 | Vaults:4 | Bought a scroll of teleportation for 54 gold pieces
 45630 | Vaults:4 | Bought a scroll of fear for 72 gold pieces
 45904 | Vaults:4 | Reached XP level 22. HP: 158/158 MP: 39/39
 46212 | Vaults:4 | Found the +8 storm bow {elec, penet}
 46427 | D:15     | Entered Level 15 of the Dungeon
 46941 | D:15     | Found a staircase to the Depths.
 47234 | Elf:1    | Entered Level 1 of the Elven Halls
 47234 | Elf:1    | Found a runed translucent gate.
 47234 | Elf:1    | Found a runed translucent gate.
 47234 | Elf:1    | Found a runed translucent gate.
 47234 | Elf:1    | Found a runed translucent gate.
 47234 | Elf:1    | Found a runed translucent gate.
 47234 | Elf:1    | Found a runed translucent gate.
 47240 | Elf:1    | Found a runed translucent door.
 47342 | Elf:1    | Identified the +9 war axe "Hablaod" {freeze, *Noise Int+4}
 47446 | Elf:1    | Found Xengeph's General Store.
 47562 | Elf:1    | Found a runed translucent door.
 48795 | Elf:2    | Found a runed translucent gate.
 48797 | Elf:2    | Found a runed translucent gate.
 48802 | Elf:2    | Found a runed translucent gate.
 49603 | Elf:2    | Reached XP level 23. HP: 166/166 MP: 41/41
 49750 | Elf:3    | Entered Level 3 of the Elven Halls
 49765 | Elf:3    | Noticed Saint Roka
 49800 | Elf:3    | Killed Saint Roka
 50560 | Elf:3    | Identified the +1 plate armour of Acuan {Str+3 Int+2}
 50682 | Elf:3    | Identified the +2 glaive of Dowdy Responsibility {holy,
                  | *Slow rElec rPois rN+}
 50694 | Elf:3    | Identified the ring of Xirix {rPois Dex+6}
 50940 | Elf:3    | Found the +2 pair of slick slippers {slick, slippery, EV+4}
 51008 | Elf:3    | Identified the ring "Reroan" {rC+ Stlth+}
 51015 | Elf:3    | Found the +3 giant club "Skullcrusher" {speed, Str+7}
 51029 | Elf:3    | Identified the ring "Alinac" {Fly MP+9}
 51457 | Elf:3    | Found Iqoacedo's Armour Shop.
 51990 | Depths:1 | Entered Level 1 of the Depths
 52050 | Depths:1 | Identified the +0 robe of Lopsoat {Fly rPois rF- Dex+4
                  | Slay+2}
 52098 | Depths:1 | Found Imnujorch's Book Shoppe.
 52099 | Depths:1 | Found Lurosuch's Magic Scroll Emporium.
 52099 | Depths:1 | Found Aloso's Magic Scroll Shoppe.
 52104 | Depths:1 | Found Borghuaru's Book Emporium.
 52124 | Depths:1 | Identified the +1 ring mail of Philately {Fly rN+++ Int-5
                  | Dex-4}
 52269 | Depths:1 | Found Big Baal Hell's Store.
 52278 | Depths:1 | Reached skill level 15 in Spellcasting
 52287 | Depths:1 | Found a gateway to Hell.
 52907 | Depths:2 | Found a one-way gateway to a ziggurat.
 52924 | Depths:2 | Noticed a golden dragon
 52933 | Depths:2 | Killed a golden dragon
 53031 | Depths:2 | Reached XP level 24. HP: 137/175 MP: 39/42
 53185 | Depths:2 | Found a one-way gate leading to the halls of Pandemonium.
 53863 | Depths:2 | Found Taustiem's Book Shop.
 53863 | Depths:2 | Found Veulury's Jewellery Emporium.
 53865 | Depths:2 | Found Xiepinik's Book Shop.
 54191 | Depths:2 | Identified the +5 sling "Joggiali" {elec, Int+3}
 54196 | Depths:2 | Identified the ring of Vizxelet {Str+5 Int+6}
 55146 | Depths:3 | Noticed Parghit
 55152 | Depths:3 | Killed Parghit
 55159 | Depths:3 | Noticed Mennas
 55298 | Depths:3 | Killed Mennas
 55433 | Depths:3 | Noticed a caustic shrike
 55439 | Depths:3 | Killed a caustic shrike
 55643 | Depths:3 | Noticed Vv
 55719 | Depths:3 | Mangled by Vv

Illustrated notes

Levels and vault maps discovered:
D:1:      pf_arrival_petrified_forest, layout_rooms, basic_ecumenical_altar,
          minmay_door_square
D:2:      layout_basic, uniq_sigmund, uniq_crazy_yiuf_cottage
D:3:      layout_loops_ring, mainiacjoe_overflow_two_lobes, serial_shops,
          shop_statue
D:4:      layout_basic, lemuel_zombie_altar_yredelemnul, serial_corexii_hall,
          corexii_hall_statues_x, chequers_hall_statues_corner_a, uniq_pikel
D:5:      nicolae_cairo_tiling_large, layout_gridville, minmay_between,
          uniq_grinder, uniq_edmund, uniq_menkaure
D:6:      layout_loops_cross, nicolae_sif_muna_condensation,
          mainiacjoe_overflow_alcove_2, uniq_eustachio
D:7:      layout_basic, minmay_temple_entry_wispy
D:8:      minmay_the_grid_triangle_9x9_recursive_2
          [minmay_the_grid_triangle_9x9_prize_schism,
          minmay_the_grid_triangle_9x9_descending_squares,
          minmay_the_grid_triangle_9x9_empty,
          minmay_the_grid_triangle_9x9_sprig], layout_gridville,
          mainiacjoe_overflow_brackets, grunt_decor_arrowhead
D:9:      minmay_bubble_buster, layout_rooms, good_gods_temple_1,
          gammafunk_temple_overflow_claw, kennysheep_mini_moat, david_orc_3
D:10:     lemuel_ice_spiral_2, layout_irregular_city, hellmonk_lair_entry_icy,
          serial_shops, nicolae_shop_advertising_works
          [nicolae_subvault_shop_adworks], uniq_harold
D:11:     layout_gridville, kennysheep_boxes, uniq_erica
D:12:     layout_roguey
D:13:     layout_small_grid, serial_shops, shop
D:14:     minmay_open_boxes_in_corner, layout_loops_cross,
          skrybe_vaults_entry_preservation, serial_co_window_serial,
          co_window_corner_a, co_window_paths_a, co_window_of_opportunity_a,
          co_window_paths_a, co_window_paths_b, co_window_of_opportunity_a,
          co_window_broadway_c, co_window_2corner, co_window_corner_b,
          co_window_sun, co_window_paths_e, glass_columns_b, glass_columns_b,
          glass_columns_a, dk_noncrumbling_4, serial_shops,
          nicolae_shop_industrial_runoff
D:15:     hangedman_depths_entry_try_elsewhere_first, layout_loops_ring
Temple:   jpeg_temple_island
Lair:1:   layout_cave_pods, grunt_megastairs_2
Lair:2:   layout_chaotic_city, minmay_shoals_entry_beasts,
          gammafunk_ghost_arena, enter_volcano_3,
          chequers_serial_rivers_micro_b, serial_bayou_shore_b,
          lemuel_fruit_tree, serial_bayou_shore_b, grunt_megastairs_3,
          lemuel_fruit_fields
Lair:3:   layout_gridlike, nicolae_spider_entry_tight_spaces,
          beast_lair_carwin_6
Lair:4:   layout_gridlike, portal_ice_cave_entry_imps, minivault_24
Lair:5:   due_jungle_book, layout_misc_corridors, slime_entry_1, st_stairs_11,
          gammafunk_lair_bear_cave, infiniplex_staircase_pool
Shoals:1: cheibrodos_shoals_oceanic_diplomacy, layout_shoals,
          gammafunk_ghost_tricky_traps, nicolae_shoals_arrival_archipelago,
          uniq_mlioglotl
Shoals:2: layout_shoals, nicolae_shoals_sun_and_surf
Shoals:3: layout_shoals, serial_shops, nicolae_shop_rolling_square,
          uniq_polyphemus
Shoals:4: shoals_end_simple, layout_shoals, yaktaur_hedge
Spider:1: layout_spider_delve, hangedman_spider_tarantella_strand, uniq_louise,
          uniq_agnes, uniq_jorgrun
Spider:2: layout_spider_delve
Spider:3: layout_chambers, worms_lemuel
Spider:4: grunt_spider_rune_circles, nicolae_spider_claw_tunnel, uniq_arachne
Orc:1:    layout_caves, uniq_maurice
Orc:2:    st_orc_town, layout_caves, basic_altar
Elf:1:    nicolae_elf_arrival_dilemma, layout_geoelf_diagonals, serial_shops,
          shop, hangedman_elven_crosses_minicolossus, drop_trap,
          item_on_display_a
Elf:2:    nicolae_elf_blades_splatter_lattice
          [nicolae_vaults_blade_armed_guards], layout_loops_cross
Elf:3:    elf_hall_gauntlet_wide, layout_geoelf_castle, serial_shops,
          nicolae_shop_tiny_statue_garden, chequers_big_river, uniq_saint_roka
Vaults:1: vaults_room_ringed_pool, v_rooms_1, nicolae_vaults_more_shelving_2,
          ontoclasm_vaults_idyll, ontoclasm_vaults_misaligned,
          vaults_mumra_minichess, nicolae_vaults_diamond_2,
          vaults_room_door_hall, nicolae_vaults_taking_the_gang_shopping,
          vaults_dpeg_diagonal, v_misc_3, nicolae_vaults_oozy_zoo,
          layout_vaults_quadrants, serial_shops, shop_fountains
Vaults:2: ontoclasm_vaults_ring_small, ontoclasm_vaults_ring_small,
          hangedman_vaults_nails, nicolae_vaults_storage_room_doors,
          vaults_mumra_chevron_long, nicolae_vaults_sesquioval_fish,
          nicolae_vaults_circle_grid_b, vaults_dpeg_spiral,
          nicolae_vaults_twisting_passages, minmay_crypt_entry_simple_statues,
          hangedman_vaults_slice, v_misc_22, nicolae_vaults_closet_pinwheel_6,
          nicolae_vaults_more_shelving_1, layout_vaults_maze_bifur,
          serial_shops, shop_statue
Vaults:3: nicolae_vaults_sealed_display, nicolae_vaults_mini_display_case,
          hangedman_vaults_slice, v_alt_pattern_3, nicolae_vaults_network_star,
          nicolae_vaults_circle_grid_a, nicolae_vaults_layer_cake_slice,
          ontoclasm_vaults_pinch, vaults_room_pool,
          nicolae_vaults_trapezoid_lopsided_1, v_misc_9, layout_vaults_omnibox,
          uniq_margery
Vaults:4: nicolae_vaults_apartment_2, v_rooms_3, ontoclasm_vaults_tryst,
          nicolae_vaults_closet_pinwheel_2, vaults_dpeg_ring,
          minmay_guarded_unrand_secular_launcher, nicolae_vaults_tetromino_L_2,
          nicolae_vaults_network_square, hangedman_vaults_cutoff,
          vaults_dpeg_cross, vaults_room_fours, vaults_mumra_hex,
          nicolae_vaults_trapezoid_1, nicolae_vaults_little_squares_5,
          ontoclasm_vaults_twist, layout_vaults_omnicross, serial_shops,
          nicolae_shop_real_fake_doors
Depths:1: layout_honeycomb, nicolae_hell_entry_big_baal_hell,
          lemuel_old_faithful, firewood_loft, minmay_shoptagon
Depths:2: minmay_nested_s, layout_twisted_cross, enter_ziggurat_c, hell_entry,
          rand_demon_pan_entry_7, drop_trap, nicolae_titane, minmay_shop_grove
Depths:3: nzn_winding_woodlands_stair_cross
          [nzn_winding_woodlands_5x15_sidewinder,
          nzn_winding_woodlands_center_lodge, nzn_winding_woodlands_5x15_parted,
          nzn_winding_woodlands_5x5_three, nzn_winding_woodlands_5x5_open_star,
          nzn_winding_woodlands_5x15_split_checker,
          nzn_winding_woodlands_center_triple_pond,
          nzn_winding_woodlands_5x15_zeroes], layout_gridlike,
          grunt_hell_entry_dis_old, corexii_leaking_fountain,
          rand_demon_pan_entry_5, abyss_entry, infiniplex_staircase_door_maze,
          uniq_mennas, uniq_parghit, uniq_vv

Skill      XL: |  1  2  3  4  5  6  7  8  9 10 11 12 13 14 15 16 17 18 19 20 21 22 23 24 |
---------------+-------------------------------------------------------------------------+-----
Spellcasting   | 3 4 5 6 7 8 9 10 11 12 13 14 15 16 | 16.0
Poison Magic   | 1 2 |  2.0
Fighting       | 2 3 4 5 6 7 8 9 10 11 12 13 14 15 16 17 18 | 18.0
Dodging        | 3 4 5 6 8 9 10 | 10.1
Transmutations | 3 4 5 7 8 9 10 11 12 | 12.7
Unarmed Combat | 4 5 6 7 8 9 10 11 12 13 14 15 16 17 18 | 18.1
Stealth        | 3 5 7 9 10 | 10.0
Ice Magic      | 1 3 4 6 7 8 9 |  9.2
Summonings     | 3 5 6 |  6.0
Invocations    | 3 5 7 9 10 | 10.0
Shields        | 4 6 7 8 9 10 11 13 14 | 14.2
Evocations     | 2 5 7 9 10 | 10.0
Air Magic      | 4 8 9 11 12 13 14 | 14.6
Conjurations   | 4 |  4.8

Action                     |  1- 3 |  4- 6 |  7- 9 | 10-12 | 13-15 | 16-18 | 19-21 | 22-24 || total
---------------------------+-------+-------+-------+-------+-------+-------+-------+-------++-------
  Melee: Unarmed           |    76 |    95 |   217 |   456 |   699 |   694 |   437 |   643 ||  3317
         Constrict         |    19 |     2 |     5 |     2 |     3 |     3 |       |     3 ||    37
         Kick              |    18 |       |     3 |       |       |       |       |       ||    21
         Tentacles         |     8 |     1 |     4 |       |     5 |     5 |     1 |     3 ||    27
         Punch             |     5 |     1 |     1 |       |     1 |    19 |    58 |    76 ||   161
   Cast: Beastly Appendage |    19 |       |     2 |     1 |       |       |       |     3 ||    25
         Spider Form       |       |    15 |    22 |       |       |       |       |       ||    37
         Ice Form          |       |       |    12 |    73 |    92 |    91 |       |       ||   268
         Summon Ice Beast  |       |       |       |    22 |    40 |    83 |     1 |     1 ||   147
         Frozen Ramparts   |       |       |       |    20 |    55 |    17 |     2 |       ||    94
         Summon Lightning  |       |       |       |       |       |    47 |    26 |    44 ||   117
         Storm Form        |       |       |       |       |       |    23 |    60 |    99 ||   182
         Arcjolt           |       |       |       |       |       |       |     4 |     6 ||    10
 Invoke: Slouch            |       |       |       |       |     7 |    10 |       |     3 ||    20
  Evoke: Wand              |       |       |       |    14 |     7 |    17 |       |    12 ||    50
         Box of beasts     |       |       |       |       |       |       |       |     1 ||     1
    Use: Scroll            |       |     2 |     3 |     9 |    18 |     8 |     6 |     6 ||    52
         Potion            |       |     1 |     5 |     1 |     1 |     3 |     7 |     4 ||    22
   Stab: Sleeping          |     3 |       |     3 |     4 |    12 |    18 |     6 |    11 ||    57
         Paralysed         |       |       |       |     3 |     5 |       |       |       ||     8
         Distracted        |       |       |       |       |     6 |    20 |    13 |    13 ||    52
         Petrified         |       |       |       |       |     8 |       |       |       ||     8
         Invisible         |       |       |       |       |       |    20 |       |       ||    20
 Armour: Skin              |     1 |     6 |    20 |    64 |   106 |    72 |    32 |    62 ||   363
  Dodge: Dodged            |    43 |   109 |   258 |   345 |   710 |   951 |   410 |   691 ||  3517
  Block: Other             |       |       |       |     9 |   125 |   161 |    75 |    94 ||   464
         Reflection        |       |       |       |       |     8 |    26 |     9 |     6 ||    49
         Buckler           |       |       |       |       |     8 |    17 |     2 |     9 ||    36
